[Event "Titled Tuesday Blitz August 15 Late 2023"]
[White "Wafa, Shrook"]
[Black "Gasparyan, David"]
[WhiteFideId "10609970"]
[BlackFideId "13311980"]
[WhiteElo "2407"]
[BlackElo "2546"]
[Result "0-1"]
[Round "6"]
[TimeControl "180+1"]
[Date "2023.08.15"]
[WhiteClock "0:00:57"]
[BlackClock "0:00:18"]
[Board "97"]

1. e4 c5 2. Nf3 Nc6 3. Bb5 e6 4. O-O Nge7 5. Nc3 a6 6. Be2 Ng6 7. d4 cxd4 8. Nxd4 Qc7 9. Be3 Bd6 10. h3 O-O 11. Qd2 Nxd4 12. Bxd4 Bf4 13. Be3 Bxe3 14. Qxe3 b5 15. a3 Bb7 16. Rad1 d5 17. exd5 exd5 18. Bf3 Rfe8 19. Qd4 Rad8 20. Rfe1 Rxe1+ 21. Rxe1 h6 22. Qd2 d4 23. Ne4 Ne5 24. Bd1 Nc4 25. Qc1 Qe5 26. Bf3 Kh8 27. b3 Nb6 28. Nd2 Qc7 29. Bxb7 Qxb7 30. Nf3 Qc7 31. Re4 d3 32. c4 bxc4 33. bxc4 Na4 34. Qe3 Nc3 35. Re8+ Rxe8 36. Qxe8+ Kh7 37. Nd2 Qf4 38. Qe3 Qf5 39. c5 Ne2+ 40. Kf1 Nf4 41. Qe4 Kg6 42. Qxf5+ Kxf5 43. Nc4 Ke6 44. h4 Kd5 45. Ne3+ Kxc5 46. g3 Ne6 47. Ke1 Kd4 48. Kd2 g6 49. Ng2 Nc5 50. Nf4 Ne4+ 51. Ke1 Kc3 52. Nxd3 Kxd3 53. g4 h5 54. gxh5 gxh5 55. f3 Ng3 56. Kf2 Nf5 57. Kg2 Nxh4+ 58. Kh3 Nf5 0-1


[Site "https://www.chess.com"]

[Event "Titled Tuesday Blitz August 15 Late 2023"]
[White "Francisco Guecamburu, Candela Be"]
[Black "Arnold, Ken"]
[WhiteFideId "160911"]
[BlackFideId "2056836"]
[WhiteElo "2541"]
[BlackElo "2403"]
[Result "1-0"]
[Round "6"]
[TimeControl "180+1"]
[Date "2023.08.15"]
[WhiteClock "0:00:24"]
[BlackClock "0:00:10"]
[Board "98"]

1. e4 c6 2. d4 d5 3. e5 Bf5 4. h4 h5 5. Bg5 Qb6 6. Bd3 Bxd3 7. Qxd3 e6 8. Nd2 Qb5 9. c4 dxc4 10. Nxc4 Nd7 11. Nf3 Nb6 12. b3 Nd5 13. O-O Nh6 14. Nfd2 Nf5 15. Ne4 Nb4 16. Qd2 Qd5 17. Ned6+ Nxd6 18. Qxb4 Nxc4 19. Qxc4 Qxc4 20. bxc4 b6 21. Rfd1 Be7 22. a4 Bxg5 23. hxg5 O-O-O 24. a5 Kb7 25. Rab1 Rd7 26. axb6 axb6 27. Rb3 Ra8 28. g6 fxg6 29. Rg3 Ra4 30. Rxg6 Rxc4 31. Rxe6 Rcxd4 32. Rxd4 Rxd4 33. Re7+ Ka6 34. Rxg7 Re4 35. Re7 c5 36. f3 Rd4 37. e6 c4 38. Rd7 1-0


[Site "https://www.chess.com"]

[Event "Titled Tuesday Blitz August 15 Late 2023"]
[White "Sreyas Payyappat"]
[Black "Balla, Tamas-Kristof"]
[WhiteFideId "46674969"]
[BlackFideId "1208497"]
[WhiteElo "2539"]
[BlackElo "2400"]
[Result "0-1"]
[Round "6"]
[TimeControl "180+1"]
[Date "2023.08.15"]
[WhiteClock "0:00:16"]
[BlackClock "0:00:44"]
[Board "99"]

1. e4 c5 2. Nf3 Nc6 3. d4 cxd4 4. Nxd4 e5 5. Nb5 d6 6. c4 Be7 7. N1c3 a6 8. Na3 f5 9. Nd5 Nf6 10. Be3 O-O 11. Bb6 Qd7 12. Bd3 Nxe4 13. Bxe4 fxe4 14. Qb3 Nd4 15. Bxd4 exd4 16. O-O-O Bg5+ 17. Kb1 Qf5 18. Ka1 Qxf2 19. c5 Kh8 20. Nb6 Rb8 21. cxd6 Bg4 22. Rb1 e3 23. h4 Bh6 24. d7 e2 25. Qd3 Bf5 26. Qc4 Bxb1 27. Rxb1 e1=Q 0-1


[Site "https://www.chess.com"]

[Event "Titled Tuesday Blitz August 15 Late 2023"]
[White "sebastianmarinp"]
[Black "Bilan, Danila"]
[BlackFideId "24161918"]
[WhiteElo "2397"]
[BlackElo "2536"]
[Result "0-1"]
[Round "6"]
[TimeControl "180+1"]
[Date "2023.08.15"]
[WhiteClock "0:00:15"]
[BlackClock "0:00:56"]
[Board "100"]

1. d4 d5 2. c4 c6 3. Nc3 Nf6 4. Nf3 e6 5. Bg5 Nbd7 6. e3 Qa5 7. Nd2 Bb4 8. Qc2 Ne4 9. Ndxe4 dxe4 10. Bh4 e5 11. Be2 O-O 12. O-O exd4 13. exd4 f5 14. f3 exf3 15. Bxf3 Nf6 16. Rae1 Bd7 17. c5 Rae8 18. Kh1 Bxc3 19. bxc3 Nd5 20. Bxd5+ cxd5 21. Qb3 Bc6 22. Be7 Rf7 23. Bd6 Re4 24. h3 Qb5 25. Rxe4 Qxf1+ 26. Kh2 fxe4 0-1


[Site "https://www.chess.com"]

[Event "Titled Tuesday Blitz August 15 Late 2023"]
[White "Fernandez Garcia, Gumersindo"]
[Black "Deng, Henry"]
[WhiteFideId "24516740"]
[BlackFideId "30965454"]
[WhiteElo "2394"]
[BlackElo "2534"]
[Result "1/2-1/2"]
[Round "6"]
[TimeControl "180+1"]
[Date "2023.08.15"]
[WhiteClock "0:00:11"]
[BlackClock "0:00:18"]
[Board "101"]

1. e4 e5 2. Nf3 Nc6 3. d4 exd4 4. Bc4 Nf6 5. O-O Nxe4 6. Re1 d5 7. Bxd5 Qxd5 8. Nc3 Qa5 9. Nxe4 Be6 10. Neg5 O-O-O 11. Nxe6 fxe6 12. Rxe6 Bd6 13. Bg5 Rde8 14. Qe2 Kd7 15. Re1 Qxe1+ 16. Qxe1 Rxe6 17. Qd1 Rhe8 18. g3 h6 19. Bd2 Re2 20. Kf1 R2e7 21. a3 Kc8 22. b4 a6 23. Bc1 Be5 24. Nxe5 Rxe5 25. Bb2 Kb8 26. Kg2 Re1 27. Qg4 g5 28. Qh5 R1e6 29. h4 gxh4 30. Qxh4 Rf8 31. Bxd4 Nxd4 32. Qxd4 Rd6 33. Qe3 Rc6 34. Qe4 Rd8 35. c4 Rd2 36. Qe3 Rd8 37. c5 Rf6 38. a4 Rdf8 39. b5 axb5 40. axb5 Rxf2+ 41. Qxf2 Rxf2+ 42. Kxf2 c6 43. bxc6 bxc6 44. Kf3 Ka7 45. Kf4 Ka6 46. Kf5 Kb5 47. Kg6 Kxc5 48. Kxh6 Kd4 49. g4 c5 50. g5 c4 51. g6 c3 52. g7 c2 53. g8=Q c1=Q+ 54. Qg5 Qxg5+ 55. Kxg5 1/2-1/2


[Site "https://www.chess.com"]

[Event "Titled Tuesday Blitz August 15 Late 2023"]
[White "Karamsetty, Jeevan"]
[Black "Mikhalsky, Vladimir"]
[WhiteFideId "2025337"]
[BlackFideId "14144352"]
[WhiteElo "2524"]
[BlackElo "2385"]
[Result "0-1"]
[Round "6"]
[TimeControl "180+1"]
[Date "2023.08.15"]
[WhiteClock "0:00:00"]
[BlackClock "0:00:09"]
[Board "102"]

1. e4 g6 2. d4 Bg7 3. c3 d6 4. Bd3 a6 5. h4 h5 6. Nf3 Bg4 7. Qb3 b6 8. Nbd2 Nd7 9. Nc4 Bxf3 10. gxf3 e5 11. Bg5 Bf6 12. Bxf6 Qxf6 13. dxe5 Nxe5 14. Nxe5 Qxe5 15. O-O-O Nf6 16. Qc4 c5 17. Qa4+ Kf8 18. Qc6 Kg7 19. Be2 Rhd8 20. Qa4 b5 21. Qc2 b4 22. c4 a5 23. Qd2 a4 24. Qg5 a3 25. Qxe5 dxe5 26. b3 Ng8 27. Rd5 Rxd5 28. cxd5 Kf8 29. Kd2 Ke7 30. Bb5 Kd6 31. Bc6 Rb8 32. Kd3 Ne7 33. Ba4 Ra8 34. Rc1 Nc8 35. Bc6 Ra7 36. Kc4 Ra5 37. Be8 Nb6+ 38. Kd3 Ra7 39. Rg1 Re7 40. Bb5 Rb7 41. Bc6 Rc7 42. Rg3 Rxc6 43. dxc6 Kxc6 44. Rg5 Kd6 45. Rg3 Kc6 46. f4 exf4 47. Rf3 Nd7 48. Rxf4 Ne5+ 49. Ke2 c4 50. bxc4 b3 51. Rf6+ Kc5 52. axb3 Nc6 0-1


[Site "https://www.chess.com"]

[Event "Titled Tuesday Blitz August 15 Late 2023"]
[White "Grinev, Valeriy"]
[Black "petr577"]
[WhiteFideId "14117517"]
[WhiteElo "2521"]
[BlackElo "2377"]
[Result "1-0"]
[Round "6"]
[TimeControl "180+1"]
[Date "2023.08.15"]
[WhiteClock "0:01:26"]
[BlackClock "0:00:09"]
[Board "103"]

1. e4 d6 2. Nc3 g6 3. d4 Bg7 4. Nf3 a6 5. Be3 b5 6. a3 Bb7 7. Qd2 Nd7 8. h3 Rc8 9. g4 c5 10. d5 h5 11. g5 Qa5 12. Bg2 b4 13. Nd1 Nb6 14. Bf1 e6 15. dxe6 Bxe4 16. exf7+ Kxf7 17. Qxd6 bxa3+ 18. Bd2 axb2 19. Rxa5 b1=Q 20. Rxa6 Re8 21. Be2 Bxf3 22. Qf4+ Nf6 23. Qxf3 Nd5 24. gxf6 Bxf6 25. Qxd5+ Kg7 26. Rxf6 Rxe2+ 27. Kxe2 Re8+ 28. Re6 Qb5+ 29. c4 Rxe6+ 30. Qxe6 Qe8 31. Qxe8 1-0


[Site "https://www.chess.com"]

[Event "Titled Tuesday Blitz August 15 Late 2023"]
[White "Osmak, Yuliia"]
[Black "Topalov, Aleksandar"]
[WhiteFideId "14101602"]
[BlackFideId "925659"]
[WhiteElo "2514"]
[BlackElo "2371"]
[Result "1-0"]
[Round "6"]
[TimeControl "180+1"]
[Date "2023.08.15"]
[WhiteClock "0:02:12"]
[BlackClock "0:00:02"]
[Board "104"]

1. Nf3 e6 2. b3 f5 3. Bb2 Nf6 4. c4 Be7 5. g3 O-O 6. Bg2 d6 7. O-O e5 8. d4 e4 9. Nfd2 c6 10. Nc3 d5 11. e3 Be6 12. c5 g5 13. b4 Qe8 14. f4 exf3 15. Nxf3 h6 16. b5 Bd7 17. a4 Ng4 18. Qe2 Nf6 19. Ne5 Be6 20. Rab1 a6 21. bxc6 Nxc6 22. Nd3 Na5 23. Ne5 Nc6 24. Nxc6 bxc6 25. Ba3 Bd8 26. Rb7 Bc8 27. Rb6 Ng4 28. Nxd5 cxd5 29. Bxd5+ Kh8 30. Bxa8 Bxb6 31. cxb6 Nxe3 32. Bxf8 Qxf8 33. Qxe3 f4 34. Qe5+ 1-0


[Site "https://www.chess.com"]

[Event "Titled Tuesday Blitz August 15 Late 2023"]
[White "Polaczek, Richard"]
[Black "Berezin, Viktor"]
[WhiteFideId "200026"]
[BlackFideId "14107872"]
[WhiteElo "2363"]
[BlackElo "2504"]
[Result "1-0"]
[Round "6"]
[TimeControl "180+1"]
[Date "2023.08.15"]
[WhiteClock "0:00:51"]
[BlackClock "0:00:32"]
[Board "105"]

1. d4 b6 2. e4 Bb7 3. Bd3 g6 4. Nf3 Bg7 5. O-O d6 6. c3 Nd7 7. a4 a6 8. b4 Ngf6 9. Nbd2 O-O 10. c4 c5 11. bxc5 bxc5 12. Rb1 Rb8 13. d5 Ng4 14. Bb2 Bxb2 15. Rxb2 Ba8 16. Qc2 Rxb2 17. Qxb2 Qa5 18. Qc2 Nge5 19. Nxe5 Nxe5 20. Rb1 Nxd3 21. Qxd3 Qxa4 22. f4 Qd7 23. e5 Qc7 24. Qe3 Rb8 25. Re1 a5 26. h4 a4 27. h5 Qd7 28. hxg6 hxg6 29. e6 fxe6 30. Qg3 Kg7 31. Rxe6 Qe8 32. f5 Qh8 33. Qxg6+ Kf8 34. f6 1-0


[Site "https://www.chess.com"]

[Event "Titled Tuesday Blitz August 15 Late 2023"]
[White "Beulen, Marcel"]
[Black "elpera"]
[WhiteFideId "1001450"]
[WhiteElo "2359"]
[BlackElo "2495"]
[Result "0-1"]
[Round "6"]
[TimeControl "180+1"]
[Date "2023.08.15"]
[WhiteClock "0:01:58"]
[BlackClock "0:01:26"]
[Board "106"]

1. e4 c5 2. Nf3 d6 3. Bb5+ Bd7 4. Bxd7+ Nxd7 5. O-O Ngf6 6. Qe2 Rc8 7. c4 g6 8. Nc3 Bg7 9. d4 cxd4 10. Nxd4 a6 11. b3 b5 12. Bb2 bxc4 13. bxc4 Ne5 14. Nd5 Nxc4 15. Rac1 Nxb2 16. Rxc8 Qxc8 17. Qxb2 Nxd5 18. e5 0-1


[Site "https://www.chess.com"]

[Event "Titled Tuesday Blitz August 15 Late 2023"]
[White "ciroreva-CB"]
[Black "Jovic, Stanoje"]
[BlackFideId "905020"]
[WhiteElo "2339"]
[BlackElo "2484"]
[Result "1/2-1/2"]
[Round "6"]
[TimeControl "180+1"]
[Date "2023.08.15"]
[WhiteClock "0:00:12"]
[BlackClock "0:00:03"]
[Board "107"]

1. e4 c6 2. Nf3 d5 3. d3 dxe4 4. dxe4 Qxd1+ 5. Kxd1 Bg4 6. Be2 Bxf3 7. Bxf3 h5 8. Ke2 g6 9. Be3 Nd7 10. Nd2 Bh6 11. Bd4 e5 12. Bc3 Bxd2 13. Bxd2 Ke7 14. a4 Ngf6 15. a5 Rhd8 16. Rhd1 Ke6 17. Be3 Ng4 18. Bxg4+ hxg4 19. Ra3 Nf6 20. Rxd8 Rxd8 21. f3 gxf3+ 22. gxf3 Rh8 23. Bxa7 Rxh2+ 24. Kd3 Nh5 25. Rb3 Nf4+ 26. Kc3 Ne2+ 27. Kc4 Nc1 28. Rc3 Ne2 29. Re3 Nf4 30. Kb3 f5 31. exf5+ gxf5 32. Bb8 Ng6 33. Bxe5 Nxe5 34. f4 Rf2 35. Rxe5+ Kf6 36. Re8 Rxf4 37. Rb8 Rf3+ 38. c3 Rf1 39. Rxb7 Ra1 40. Kb4 f4 41. Rb6 f3 42. Rxc6+ Ke5 43. Rc8 f2 44. Rf8 f1=Q 45. Rxf1 Rxf1 46. Kb5 Kd6 47. Kb6 Rb1 48. b4 Rb3 49. a6 Rxc3 50. a7 Ra3 51. b5 Kd5 52. Kb7 Kc5 53. b6 Kb5 54. Kc7 Ra6 55. b7 Rxa7 56. Kc8 Rxb7 57. Kxb7 1/2-1/2


[Site "https://www.chess.com"]

[Event "Titled Tuesday Blitz August 15 Late 2023"]
[White "Seletsky, Grigory"]
[Black "Stachanczyk, Jacek"]
[WhiteFideId "14112191"]
[BlackFideId "1116657"]
[WhiteElo "2483"]
[BlackElo "2338"]
[Result "1-0"]
[Round "6"]
[TimeControl "180+1"]
[Date "2023.08.15"]
[WhiteClock "0:01:08"]
[BlackClock "0:01:04"]
[Board "108"]

1. e4 c5 2. Nc3 d6 3. f4 e6 4. Nf3 Be7 5. a4 Nc6 6. Bc4 Nf6 7. Ba2 O-O 8. d3 b6 9. O-O Bb7 10. h3 d5 11. e5 Nd7 12. Ne2 a6 13. c3 b5 14. d4 cxd4 15. cxd4 Nb6 16. b3 bxa4 17. bxa4 a5 18. Rf2 Ba6 19. Ng3 Nb4 20. Bb1 Rc8 21. f5 Bh4 22. Nxh4 Qxh4 23. Kh2 Rc3 24. Bf4 Rfc8 25. Qg4 Qxg4 26. hxg4 Nd3 27. Bxd3 Rxd3 28. Rd2 Rcc3 29. Rb1 Rb3 30. Rxb3 Rxb3 31. f6 Bc4 32. fxg7 Kxg7 33. Nh5+ Kg6 34. Rf2 Nxa4 35. Bd2 Nc3 36. Rf6# 1-0


[Site "https://www.chess.com"]

[Event "Titled Tuesday Blitz August 15 Late 2023"]
[White "Merino Garcia, Rafael II"]
[Black "Gerbelli Neto, Eduardo"]
[WhiteFideId "2209128"]
[BlackFideId "2103281"]
[WhiteElo "2481"]
[BlackElo "2338"]
[Result "1-0"]
[Round "6"]
[TimeControl "180+1"]
[Date "2023.08.15"]
[WhiteClock "0:00:52"]
[BlackClock "0:00:01"]
[Board "109"]

1. d4 d5 2. Nf3 Nf6 3. g3 e6 4. Bg2 c5 5. c4 Nc6 6. cxd5 Nxd5 7. O-O cxd4 8. Nxd4 Be7 9. Nxc6 bxc6 10. a3 O-O 11. e4 Nb6 12. Qc2 Qc7 13. Be3 e5 14. Rc1 Bb7 15. Nd2 Rfd8 16. Nb3 Nd7 17. Bh3 a5 18. Rd1 a4 19. Nc5 Nxc5 20. Bxc5 Bxc5 21. Qxc5 Ra5 22. Qc3 f6 23. Bg4 g6 24. Rxd8+ Qxd8 25. Rd1 Qb6 26. Be6+ Kf8 27. Qd2 Ra8 28. Qh6+ Ke7 29. Qg7+ 1-0


[Site "https://www.chess.com"]

[Event "Titled Tuesday Blitz August 15 Late 2023"]
[White "Ouellet, Maili-Jade"]
[Black "Michalczak, Thomas"]
[WhiteFideId "2620472"]
[BlackFideId "4622634"]
[WhiteElo "2337"]
[BlackElo "2478"]
[Result "0-1"]
[Round "6"]
[TimeControl "180+1"]
[Date "2023.08.15"]
[WhiteClock "0:00:00"]
[BlackClock "0:00:05"]
[Board "110"]

1. e4 e5 2. Nf3 Nc6 3. Bb5 a6 4. Ba4 Nf6 5. O-O Be7 6. d3 b5 7. Bb3 d6 8. a4 Bd7 9. c3 O-O 10. h3 h6 11. Re1 Re8 12. Nbd2 Bf8 13. Nf1 Na5 14. Bc2 c5 15. Ng3 g6 16. d4 cxd4 17. cxd4 Qc7 18. Bd2 Rac8 19. Bd3 Nc4 20. Rc1 Qb6 21. Bxc4 bxc4 22. Bc3 Qb3 23. dxe5 dxe5 24. Nxe5 Qxd1 25. Rcxd1 Bxa4 26. Ra1 Bc2 27. Rxa6 Bg7 28. Nxg6 Nxe4 29. Nxe4 Bxe4 30. Nf4 Bb7 31. Raa1 Bf8 32. Nh5 Rxe1+ 33. Rxe1 f5 34. Re6 Rc5 35. Rb6 Bc6 36. Bd4 Ba4 37. Bxc5 Bxc5 38. Rb7 Bd4 39. Ng3 Bc2 40. Ne2 Be5 41. Nc3 Bb3 42. g3 h5 43. f4 Bd4+ 44. Kg2 Kf8 45. Rh7 Be3 46. Rxh5 Bc1 47. Rxf5+ Kg7 48. Ne4 Bxb2 49. Nc5 Bc2 50. Rg5+ Kh6 51. g4 Bd4 52. Rh5+ Kg6 53. Ne6 Kf7 54. f5 Be4+ 55. Kg3 Be5+ 56. Kf2 c3 57. Ke3 c2 0-1


[Site "https://www.chess.com"]

[Event "Titled Tuesday Blitz August 15 Late 2023"]
[White "Kirillov, Dmitry"]
[Black "Carrasco Miranda, Andres"]
[WhiteFideId "34180572"]
[BlackFideId "3405990"]
[WhiteElo "2477"]
[BlackElo "2335"]
[Result "0-1"]
[Round "6"]
[TimeControl "180+1"]
[Date "2023.08.15"]
[WhiteClock "0:00:04"]
[BlackClock "0:00:35"]
[Board "111"]

1. Nf3 Nf6 2. d4 g6 3. g3 Bg7 4. Bg2 O-O 5. O-O d6 6. c4 Nc6 7. Nc3 Bf5 8. d5 Na5 9. Nd2 c5 10. e4 Bd7 11. b3 a6 12. Bb2 b5 13. Rb1 Rb8 14. Qc2 Ng4 15. h3 Nf6 16. f4 e6 17. e5 dxe5 18. fxe5 Nh5 19. dxe6 Bxe6 20. Nd5 Nxg3 21. Nf6+ Bxf6 22. Rxf6 Ne2+ 23. Kh2 Nd4 24. Bxd4 Qxd4 25. Nf3 Qd8 26. cxb5 Qc7 27. bxa6 Nc6 28. Qxc5 Qb6 29. Qxb6 Rxb6 30. Rc1 Rxa6 31. Rc5 Kg7 32. a4 Nxe5 33. Nxe5 Kxf6 34. Ng4+ Kg7 35. Bb7 Rb6 36. Rb5 Rxb5 37. axb5 Rb8 38. Bc6 Bxb3 39. Ne5 Ba4 40. Nd7 Rxb5 41. Bxb5 Bxb5 42. Nc5 Kf6 43. Kg3 Ke5 44. h4 f5 45. Nb3 f4+ 46. Kg4 Bd7+ 47. Kf3 h6 48. Nd2 Bc6+ 49. Kf2 g5 50. hxg5 hxg5 51. Nc4+ Kd4 52. Nd6 g4 53. Nf5+ Ke5 54. Ne7 g3+ 55. Kf1 Be4 56. Kg1 f3 57. Kf1 Bd3+ 58. Ke1 f2+ 59. Kd2 Be4 60. Ke2 Kf4 61. Ng6+ Bxg6 62. Kf1 Bd3+ 63. Kg2 f1=Q# 0-1


[Site "https://www.chess.com"]

[Event "Titled Tuesday Blitz August 15 Late 2023"]
[White "Bazilius, Augustinas"]
[Black "Kujawski, Adam"]
[WhiteFideId "12832251"]
[BlackFideId "1100920"]
[WhiteElo "2466"]
[BlackElo "2328"]
[Result "1-0"]
[Round "6"]
[TimeControl "180+1"]
[Date "2023.08.15"]
[WhiteClock "0:01:25"]
[BlackClock "0:00:37"]
[Board "112"]

1. e4 e5 2. Bc4 Nf6 3. d4 exd4 4. e5 d5 5. Qxd4 dxc4 6. Qxd8+ Kxd8 7. exf6 gxf6 8. Nd2 Be6 9. Ne2 Nc6 10. Nf4 Nb4 11. Nxe6+ fxe6 12. Kd1 Bc5 13. Nxc4 Bxf2 14. Rf1 Bh4 15. g3 Bg5 16. Bxg5 fxg5 17. a3 Nd5 18. Rf7 Ke8 19. Rg7 Rd8 20. Ke2 h6 21. Re1 Rd7 22. Rg6 Re7 23. Kd3 Kd7 24. Ne5+ Kc8 25. Ng4 h5 26. Ne5 h4 27. Rxg5 hxg3 28. hxg3 Rh2 29. Rg8+ 1-0


[Site "https://www.chess.com"]

[Event "Titled Tuesday Blitz August 15 Late 2023"]
[White "Yang, Kevin"]
[Black "Dr_Pepper18"]
[WhiteFideId "30908485"]
[WhiteElo "2465"]
[BlackElo "2314"]
[Result "0-1"]
[Round "6"]
[TimeControl "180+1"]
[Date "2023.08.15"]
[WhiteClock "0:00:00"]
[BlackClock "0:00:28"]
[Board "113"]

1. d4 Nf6 2. c4 g6 3. h4 c5 4. d5 b5 5. cxb5 a6 6. b6 Qxb6 7. Nc3 Bg7 8. e4 d6 9. Qc2 O-O 10. Nf3 e6 11. dxe6 Bxe6 12. Ng5 Nc6 13. Nxe6 fxe6 14. Bc4 Nd4 15. Qd2 Rad8 16. O-O d5 17. exd5 exd5 18. Be2 Kh8 19. Qd1 Ne4 20. Na4 Qf6 21. h5 Qh4 22. Be3 Be5 23. f4 Ng3 24. Bf3 Rxf4 25. Nxc5 Nxf1 26. Bxf4 Qxf4 27. Qxf1 Nxf3+ 28. Qxf3 Bd4+ 29. Kh1 Qxf3 30. gxf3 Bxc5 31. Rd1 d4 32. hxg6 hxg6 33. Kg2 d3 34. f4 d2 35. Kf3 Kg7 36. a3 a5 37. Ke2 Kf6 38. Rxd2 Rxd2+ 39. Kxd2 Kf5 40. Kd3 Kxf4 41. Kc4 Bb6 42. Kb5 Bd8 0-1


[Site "https://www.chess.com"]

[Event "Titled Tuesday Blitz August 15 Late 2023"]
[White "Tsyhanchuk, Stanislav"]
[Black "Kula, Robert"]
[WhiteFideId "13505130"]
[BlackFideId "1101218"]
[WhiteElo "2453"]
[BlackElo "2274"]
[Result "1-0"]
[Round "6"]
[TimeControl "180+1"]
[Date "2023.08.15"]
[WhiteClock "0:00:14"]
[BlackClock "0:00:14"]
[Board "114"]

1. c4 c5 2. Nc3 Nc6 3. g3 g6 4. Bg2 Bg7 5. e4 e5 6. Nge2 d6 7. O-O Nge7 8. a3 O-O 9. Rb1 a5 10. d3 h6 11. f4 Nd4 12. Nxd4 exd4 13. Nd5 Nxd5 14. cxd5 f5 15. b4 axb4 16. axb4 b6 17. Re1 fxe4 18. dxe4 Bd7 19. e5 Bf5 20. Rb2 Ra1 21. g4 Rxc1 22. Qxc1 Bxg4 23. bxc5 bxc5 24. Rb7 Bc8 25. Rb3 Ba6 26. Rg3 g5 27. fxg5 Bxe5 28. Rxe5 dxe5 29. gxh6+ Kh8 30. Qe1 Qd6 31. Qe4 d3 32. Qg4 Qe7 33. Qg7+ Qxg7 34. hxg7+ Kg8 35. gxf8=Q+ Kxf8 36. Bf3 c4 37. Kf2 c3 38. Ke3 d2 39. Bd1 Ke7 40. Bc2 Bc4 41. Rg1 Kd6 42. Ra1 Kxd5 43. h4 Kc5 44. h5 Bf7 45. h6 Bg8 46. h7 Bxh7 47. Bxh7 Kb4 48. Bc2 Kc4 49. Ke4 Kc5 50. Kxe5 Kc6 51. Ke4 Kd7 52. Kd3 Ke7 53. Kxc3 Kf7 54. Kxd2 Kf6 55. Bd3 Ke5 56. Ra4 Kd5 57. Ke3 Kc5 58. Ra5+ Kc6 59. Rb5 Kd6 60. Kd4 Ke6 61. Rb6+ Kf7 62. Ke5 Kg7 63. Rg6+ Kf7 64. Rg1 Ke7 65. Rg7+ Kf8 66. Ra7 Kg8 67. Kf6 Kh8 68. Ra8# 1-0


[Site "https://www.chess.com"]

[Event "Titled Tuesday Blitz August 15 Late 2023"]
[White "dr_tatiana"]
[Black "De Souza, Cristiano Gomes"]
[BlackFideId "2151758"]
[WhiteElo "2448"]
[BlackElo "2262"]
[Result "1-0"]
[Round "6"]
[TimeControl "180+1"]
[Date "2023.08.15"]
[WhiteClock "0:01:48"]
[BlackClock "0:00:06"]
[Board "115"]

1. e4 c5 2. Nc3 d6 3. g3 g6 4. Bg2 Bg7 5. d3 Nc6 6. f4 Nf6 7. Nf3 O-O 8. O-O Bg4 9. h3 Bxf3 10. Qxf3 Nd4 11. Qf2 Nd7 12. f5 Rb8 13. g4 b5 14. a3 a5 15. Nd5 b4 16. axb4 axb4 17. g5 e6 18. f6 exd5 19. fxg7 Kxg7 20. c3 bxc3 21. bxc3 Ne6 22. exd5 Nxg5 23. Bf4 Ne5 24. Qg3 h6 25. h4 Nh7 26. d4 cxd4 27. cxd4 Nc4 28. Rac1 Rc8 29. Rxc4 Rxc4 30. Bxd6 Re8 31. Be5+ Kg8 32. d6 Qd7 33. Bd5 Rcc8 34. Rxf7 Qxf7 35. Qxg6+ 1-0


[Site "https://www.chess.com"]

[Event "Titled Tuesday Blitz August 15 Late 2023"]
[White "Kohler, Aran"]
[Black "Farmani Anosheh, Armin"]
[WhiteFideId "1002856"]
[BlackFideId "24613240"]
[WhiteElo "2248"]
[BlackElo "2445"]
[Result "1-0"]
[Round "6"]
[TimeControl "180+1"]
[Date "2023.08.15"]
[WhiteClock "0:00:40"]
[BlackClock "0:00:00"]
[Board "116"]

1. d4 d5 2. Nf3 Nf6 3. Bf4 c5 4. e3 Nc6 5. c3 e6 6. Nbd2 cxd4 7. exd4 Nh5 8. Be3 Bd6 9. Ne5 g6 10. f4 Ng7 11. g3 Nf5 12. Bf2 h5 13. Bd3 Qe7 14. Qe2 Bd7 15. O-O-O O-O-O 16. Kb1 Kb8 17. Rhe1 Be8 18. Bxf5 gxf5 19. Ndf3 Qc7 20. Rc1 Na5 21. b3 f6 22. Nd3 Bb5 23. Qd2 Ba3 24. Rc2 Qb6 25. Nc5 Rhe8 26. Ka1 Qd6 27. Nd3 b6 28. Re3 Rc8 29. Be1 Qd7 30. Qd1 Bd6 31. Rce2 Bf8 32. Nh4 Bg7 33. Bd2 Bh8 34. Qe1 Rc6 35. Nxf5 Bxd3 36. Rxd3 Rcc8 37. Ne3 Nc6 38. Nc2 e5 39. dxe5 fxe5 40. fxe5 Nxe5 41. Rde3 1-0


[Site "https://www.chess.com"]

[Event "Titled Tuesday Blitz August 15 Late 2023"]
[White "ExchangeAB"]
[Black "Kovacevic, Radmila"]
[BlackFideId "933171"]
[WhiteElo "2440"]
[BlackElo "2237"]
[Result "0-1"]
[Round "6"]
[TimeControl "180+1"]
[Date "2023.08.15"]
[WhiteClock "0:00:07"]
[BlackClock "0:00:14"]
[Board "117"]

1. d4 e5 2. dxe5 Nc6 3. Nf3 Qe7 4. Bf4 Qb4+ 5. Bd2 Qxb2 6. Nc3 Bb4 7. Rb1 Qxc3 8. Bxc3 Bxc3+ 9. Nd2 Bxe5 10. e3 Nf6 11. Bd3 O-O 12. c4 Bc3 13. Qc2 Ba5 14. a3 Ne5 15. O-O d6 16. h3 Re8 17. Nb3 Bb6 18. Rfd1 Nxd3 19. Qxd3 Nd7 20. a4 Ne5 21. Qc2 a5 22. c5 dxc5 23. Nxc5 g6 24. Rd2 Bf5 25. e4 Bxc5 26. Qxc5 Bxe4 27. Re1 Nd3 28. Rxd3 Bxd3 29. Rxe8+ Rxe8 30. Qxc7 Be4 31. Qxa5 Bc6 32. Qb6 Re4 33. a5 Ra4 34. f3 Ra2 35. h4 h5 36. Qd8+ Kg7 37. Qd4+ Kg8 38. Qf6 Kf8 39. Kh2 Ke8 40. Qe5+ Kf8 41. Kg3 Ra4 42. Qf6 Ke8 43. Qc3 Kf8 44. Kf2 Ke8 45. Qd2 Kf8 46. Qd6+ Kg8 47. Qc7 Kg7 48. Ke3 Kf6 49. Qd8+ Kg7 50. Qc7 Kf6 51. Qb6 Kg7 52. Kd3 Kf6 53. Kc3 Kg7 54. Kb3 Rxh4 55. a6 Bd5+ 56. Kc3 bxa6 57. Qxa6 Be6 58. Qd6 Rc4+ 59. Kd2 Kh7 60. Ke3 Kg7 61. Kf2 Kh7 62. g3 Kg7 63. Ke3 Kh7 64. Qe5 Ra4 65. Qf6 Rc4 66. Qg5 Ra4 67. Qe7 Rc4 68. Qf8 Ra4 69. Kf2 Ra2+ 70. Kg1 Ra4 71. Qd6 Ra1+ 72. Kf2 Ra2+ 73. Ke3 Ra4 74. Kf2 Kg7 75. g4 hxg4 76. f4 Ra2+ 77. Kg3 Ra4 78. Kh4 Ra5 79. Kg3 Rf5 80. Qd4+ Kh7 81. Qc3 Rd5 82. Qf6 Rd3+ 83. Kf2 Rh3 84. Qg5 Rh5 85. Qf6 Rh2+ 86. Ke3 Rh3+ 87. Kd4 g3 88. Qg5 Kg7 89. Ke5 Rh5 0-1


[Site "https://www.chess.com"]

[Event "Titled Tuesday Blitz August 15 Late 2023"]
[White "Manukian, Artak"]
[Black "Florianovitz, Derlei Alex"]
[WhiteFideId "13301373"]
[BlackFideId "2114178"]
[WhiteElo "2434"]
[BlackElo "2182"]
[Result "1-0"]
[Round "6"]
[TimeControl "180+1"]
[Date "2023.08.15"]
[WhiteClock "0:00:51"]
[BlackClock "0:00:46"]
[Board "118"]

1. e4 e6 2. d4 d5 3. e5 c5 4. c3 Nc6 5. Nf3 Qb6 6. a3 Nh6 7. b4 cxd4 8. cxd4 Nf5 9. Bb2 Bd7 10. g4 Nfe7 11. Nc3 h5 12. Na4 Qc7 13. g5 Nf5 14. Bd3 h4 15. Rc1 a6 16. Nc5 Bxc5 17. Rxc5 g6 18. O-O Rh5 19. Qd2 h3 20. Rfc1 Qd8 21. Bxf5 gxf5 22. a4 Rc8 23. b5 Ne7 24. Rxc8 Bxc8 25. bxa6 bxa6 26. Ba3 Ng6 27. Kf1 Nh4 28. Nxh4 Rxh4 29. Bd6 Rg4 30. Qc3 Bd7 31. Qxh3 Bxa4 32. Qh8+ Kd7 33. Rc7+ Qxc7 34. Bxc7 Bb5+ 35. Ke1 Kxc7 36. Qf6 Re4+ 37. Kd2 Rxd4+ 38. Kc1 Kc6 39. Qxf7 Rc4+ 40. Kb2 Rb4+ 41. Ka3 Ra4+ 42. Kb3 Rf4 43. Qxe6+ Kc5 44. Qd6+ Kd4 45. e6 Rf3+ 46. Kb4 Rxf2 47. Qc5+ 1-0


[Site "https://www.chess.com"]

[Event "Titled Tuesday Blitz August 15 Late 2023"]
[White "Curtis, John"]
[Black "Cooklev, Steven"]
[WhiteFideId "3200256"]
[BlackFideId "2050552"]
[WhiteElo "2068"]
[BlackElo "2432"]
[Result "1-0"]
[Round "6"]
[TimeControl "180+1"]
[Date "2023.08.15"]
[WhiteClock "0:00:29"]
[BlackClock "0:00:00"]
[Board "119"]

1. d4 Nf6 2. Nf3 d5 3. Bg5 Ne4 4. h4 c5 5. dxc5 Nc6 6. e3 f6 7. Bf4 e5 8. Bh2 Bxc5 9. Nbd2 Qb6 10. Nb3 Nxf2 11. Kxf2 Bxe3+ 12. Ke2 Bg4 13. Qxd5 Rd8 14. Qe4 f5 15. Qxe3 Qc7 16. Kf2 O-O 17. Bxe5 Nxe5 18. Nxe5 f4 19. Qc5 Rd2+ 20. Kg1 Qxc5+ 21. Nxc5 Rxc2 22. Bc4+ Kh8 23. h5 Bf5 24. Bb3 Rxc5 25. Ng6+ Bxg6 26. hxg6 h6 27. Rh3 Rg5 28. Bf7 Rd8 29. Rf1 Rb5 30. Rf2 1-0


[Site "https://www.chess.com"]